 Dungeon Crawl Stone Soup version 0.28-a0-983-g1de4e0787c (webtiles) character file.

Game seed: 12017180457842589478

2454 porpoise the Thaumaturge (level 9, -9/50 HPs)
             Began as a Deep Elf Conjurer on Dec 3, 2021.
             Was a Follower of Vehumet.
             Mangled by a gargoyle (16 damage)
             ... on level 7 of the Dungeon.
             The game lasted 00:27:45 (9395 turns).

porpoise the Thaumaturge (Deep Elf Conjurer)        Turns: 9395, Time: 00:27:45

Health: -9/50      AC:  4    Str:  6    XL:     9   Next: 25%
Magic:  10/23      EV: 12    Int: 26    God:    Vehumet [*.....]
Gold:   350        SH:  0    Dex: 13    Spells: 13/24 levels left

rFire   . . .      SeeInvis .   a - +3 dagger (venom)
rCold   . . .      Faith    .   (no shield)
rNeg    . . .      Spirit   .   c - +0 robe
rPois   .          Reflect  .   q - +1 helmet
rElec   .          Harm     .   (no cloak)
rCorr   .          Rampage  .   (no gloves)
Will    .....                   (no boots)
Stlth   ++++......              w - amulet of magic regeneration
HPRegen 0.16/turn               (no ring)
MPRegen 0.58/turn               (no ring)

@: no status effects
A: no striking features
a: Renounce Religion


You were on level 7 of the Dungeon.
You worshipped Vehumet.
Vehumet was aware of your devotion.
You visited 2 branches of the dungeon, and saw 8 of its levels.

You collected 395 gold pieces.
You spent 45 gold pieces at shops.

Inventory:

Hand Weapons
 a - a +3 dagger of venom (weapon)
Missiles
 f - 39 poisoned darts (quivered)
 i - 2 javelins
 l - 13 sling bullets
 n - 76 stones
 I - 5 boomerangs
Armour
 c - a +0 robe (worn)
 h - a scarf of harm
 q - a +1 helmet (worn)
 y - the +0 ring mail of Modesty {Contam rCorr Int+4 Slay+2}
   (You found it on level 4 of the Dungeon)

   Int:       It affects your intelligence (+4).
   Slay:      It affects your accuracy & damage with ranged weapons and melee
   (+2).
   Contam:    It causes magical contamination when unequipped.
   rCorr:     It protects you from acid and corrosion.
Magical Staves
 t - a staff of fire
Jewellery
 d - a ring of ice
 s - an amulet of guardian spirit
 w - an amulet of magic regeneration (around neck)
 H - an amulet of the acrobat
Wands
 B - a wand of flame (17)
 D - a wand of paralysis (10)
 F - a wand of iceblast (6)
Scrolls
 j - 2 scrolls of teleportation
 k - a scroll of enchant weapon
 m - a scroll of fear {unknown}
 o - a scroll of enchant armour
 p - a scroll of vulnerability
 r - a scroll of immolation
 z - a scroll of noise
 A - a scroll of amnesia {unknown}
 E - a scroll of magic mapping {unknown}
Potions
 b - 2 potions of attraction
 e - 3 potions of brilliance
 g - 2 potions of ambrosia
 u - 3 potions of heal wounds
 v - a potion of might {unknown}
 x - 3 potions of curing
 C - 4 potions of mutation
 G - a potion of degeneration {unknown}
 J - a potion of haste {unknown}


   Skills:
 * Level 3.1 Fighting
 - Level 2.4 Dodging
 + Level 7.5 Stealth
 * Level 8.0 Spellcasting
 - Level 7.0 Conjurations
 - Level 7.0 Hexes
 - Level 5.0 Translocations


You had 13 spell levels left.
You knew the following spells:

 Your Spells              Type           Power      Damage    Failure   Level
a - Magic Dart            Conj           100%       1d8       1%          1
b - Searing Ray           Conj           92%        2d7       1%          2
c - Fulminant Prism       Conj/Hex       23%        3d13      3%          4
d - Iskenderun's Mystic   Conj/Tloc      41%        2d9       4%          4

Your spell library contained the following spells:

 Spells                   Type           Power      Damage    Failure   Level
 Sandblast                Erth           20%        2d7       5%          1
 Dazzling Flash           Conj/Hex       92%        N/A       1%          3
 Animate Skeleton         Necr           20%        N/A       5%          1
 Pain                     Necr           40%        1d6       5%          1
 Mephitic Cloud           Conj/Pois/Air  22%        N/A       6%          3
 Call Imp                 Summ           10%        N/A       9%          2
 Vampiric Draining        Necr           10%        2d6       17%         3


Dungeon Overview and Level Annotations

Branches:
Dungeon (7/15)             Temple (1/1) D:5

Altars:
Ashenzari
Dithmenos
Elyvilon
Gozag
Hepliaklqana
Kikubaaqudgha
Makhleb
Nemelex Xobeh
Ru
Sif Muna
Trog
Vehumet
Wu Jian
Zin

Shops:
D:5 *


Message History

Confirm with . or Enter, or press ? or * to list all spells.
Aiming: Searing Ray (safe; 1% risk of failure)
Press: ? - help, Shift-Dir - straight line, f - gargoyle
Aim: a gargoyle, wielding a +0 flail (ally target, 91% to hit)
The searing ray hits the gargoyle.
The gargoyle is lightly damaged. (Press . to maintain the ray.)
Your fulminant prism explodes!
The blast of energy engulfs the gargoyle!
The gargoyle is moderately damaged.
Casting: Searing Ray (safe; 1% risk of failure)
Confirm with . or Enter, or press ? or * to list all spells.
Aiming: Fulminant Prism (dangerous; 3% risk of failure)
Press: ? - help, Dir - move target, p - gargoyle You conjure a prism of explosive energy!
A fulminant prism comes into view.
Casting: Fulminant Prism (dangerous; 3% risk of failure)
Confirm with . or Enter, or press ? or * to list all spells.
Aiming: Searing Ray (safe; 1% risk of failure)
Press: ? - help, Shift-Dir - straight line, f - gargoyle
Aim: a gargoyle, wielding a +0 flail (moderately damaged, ally target, 91% to hit)
The searing ray hits the gargoyle but does no damage.
The gargoyle is moderately damaged. (Press . to maintain the ray.)
Your fulminant prism crackles loudly.
The searing ray hits the gargoyle.
The gargoyle is heavily damaged.
The gargoyle hurls a stone arrow at you.
The stone arrow hits you!!
* * * LOW HITPOINT WARNING * * *
Your fulminant prism explodes!
The blast of energy engulfs the gargoyle.
The gargoyle is severely damaged.
Casting: Searing Ray (safe; 1% risk of failure)
Confirm with . or Enter, or press ? or * to list all spells.
You erupt in a blast of force!
The mystic blast hits the gargoyle but does no damage.
The gargoyle is severely damaged.
The gargoyle hits you with a +0 flail!
You die...

##.###.#..#..###'##
#######.###.#######....#
.........'...# #....'
.........#...# #....#
....###'###### #....# .
#.......# #....#
#.......# #....#
#.9.....# #....#
#.@.....# #....#
##......# ######
#......# #......#
#......# #......#
#......# #......#
#......#


You could see a gargoyle.

Vanquished Creatures
  Eustachio (D:4)
  A steam dragon (D:6)
  Menkaure (D:4)
  2 orc warriors (D:7)
  A black bear (D:6)
  An ice beast (D:6)
  3 ogres
  A centaur (D:7)
  4 lemures (D:4)
  A phantom (D:5)
  A bullfrog (D:3)
  8 wights (D:7)
  An electric eel (D:6)
  2 bullfrog skeletons (D:5)
  4 hounds
  2 jellies
  A centaur skeleton (D:6)
  A gnoll shaman (D:7)
  6 iguanas
  2 orc wizards (D:7)
  A hound skeleton (D:4)
  Robin (D:2)
  14 gnolls
  10 adders
  2 shadow imps (D:7)
  A white imp (D:6)
  An ufetubus (D:4)
  An adder skeleton (D:4)
  2 worms
  3 dart slugs
  13 orcs
  5 ball pythons
  4 bats
  8 endoplasms
  11 goblins
  13 hobgoblins
  6 jackals (D:3)
  4 quokkas
  4 frilled lizards
  2 kobolds
  A quokka skeleton (D:4)
  6 rats
157 creatures vanquished.

Vanquished Creatures (others)
  15 fulminant prisms
15 creatures vanquished.

Grand Total: 172 creatures vanquished

Notes
Turn   | Place    | Note
-------+----------+-------------------------------------------
     0 | D:1      | porpoise the Deep Elf Conjurer began the quest for the Orb.
     0 | D:1      | Reached XP level 1. HP: 10/10 MP: 6/6
   283 | D:1      | Reached XP level 2. HP: 15/15 MP: 4/8
   321 | D:1      | Learned a level 2 spell: Searing Ray
  1000 | D:2      | Reached skill level 4 in Spellcasting
  1225 | D:2      | Reached skill level 5 in Conjurations
  1225 | D:2      | Reached XP level 3. HP: 19/19 MP: 2/10
  1606 | D:2      | Found a faded altar of an unknown god.
  1697 | D:2      | Noticed Robin
  1723 | D:2      | Killed Robin
  2276 | D:2      | Reached XP level 4. HP: 24/24 MP: 8/12
  2539 | D:3      | Reached skill level 5 in Spellcasting
  2749 | D:3      | Noticed a bullfrog
  2950 | D:3      | Killed a bullfrog
  2951 | D:3      | Reached XP level 5. HP: 14/28 MP: 9/15
  3182 | D:3      | Found a broken altar of Ashenzari.
  3394 | D:3      | Reached skill level 6 in Spellcasting
  3545 | D:4      | Noticed Menkaure
  3548 | D:4      | Killed Menkaure
  3549 | D:4      | Reached XP level 6. HP: 32/32 MP: 11/17
  3915 | D:4      | Noticed Eustachio
  3927 | D:4      | Killed Eustachio
  3928 | D:4      | Reached skill level 7 in Spellcasting
  3928 | D:4      | Reached skill level 1 in Fighting
  3928 | D:4      | Reached XP level 7. HP: 18/39 MP: 5/19
  3933 | D:4      | Learned a level 4 spell: Fulminant Prism
  3938 | D:4      | Learned a level 4 spell: Iskenderun's Mystic Blast
  4878 | D:4      | Identified the +0 ring mail of Modesty {Contam rCorr Int+4
                  | Slay+2}
  5261 | D:5      | Entered Level 5 of the Dungeon
  5267 | D:5      | Reached skill level 1 in Hexes
  5360 | D:5      | Reached skill level 1 in Translocations
  6070 | D:5      | Found a staircase to the Ecumenical Temple.
  6082 | Temple   | Entered the Ecumenical Temple
  6165 | Temple   | Became a worshipper of Vehumet
  6196 | D:5      | Found Fiekh's Assorted Antiques.
  6205 | D:5      | Bought a scroll labelled QUOTZU COFUDDO for 24 gold pieces
  6205 | D:5      | Bought a sedimented puce potion for 21 gold pieces
  6471 | D:5      | Reached XP level 8. HP: 44/44 MP: 17/20
  6829 | D:6      | Reached skill level 5 in Hexes
  7194 | D:6      | Reached skill level 5 in Stealth
  7524 | D:6      | Reached skill level 5 in Translocations
  7799 | D:7      | Reached * piety under Vehumet
  7799 | D:7      | Offered knowledge of Sandblast by Vehumet.
  8197 | D:7      | Reached XP level 9. HP: 48/48 MP: 15/21
  9260 | D:7      | Reached skill level 8 in Spellcasting
  9388 | D:7      | Noticed a gargoyle
  9395 | D:7      | Mangled by a gargoyle

Illustrated notes

Levels and vault maps discovered:
D:1:      scummos_arrival_forest, layout_rooms
D:2:      layout_loops_corners, dreamdust_ecumenical_altar_grove, uniq_robin
D:3:      layout_rooms, evilmike_ruin_ashenzari, amethyst_killhole
D:4:      layout_loops_ring, minmay_cupped, uniq_menkaure, uniq_eustachio,
          uniq_pikel
D:5:      layout_basic, minmay_temple_entry_poolview, serial_shops, shop,
          kennysheep_generic_room_13
D:6:      layout_gridville, nicolae_lava_and_water
D:7:      layout_gridville
Temple:   regret_index_temple_chain_breaker

Skill      XL: |  1  2  3  4  5  6  7  8  9 |
---------------+----------------------------+-----
Spellcasting   | 4 5 6 7 8 |  8.0
Conjurations   | 5 6 7 |  7.0
Fighting       | 1 2 3 |  3.1
Hexes          | 4 7 |  7.0
Stealth        | 3 7 |  7.5
Translocations | 3 5 |  5.0
Dodging        | |  2.4

Action                   |  1- 3 |  4- 6 |  7- 9 || total
-------------------------+-------+-------+-------++-------
Melee: Short sword       |     4 |       |       ||     4
Throw: Dart              |       |       |     2 ||     2
 Cast: Magic Dart        |    47 |    16 |     7 ||    70
       Searing Ray       |    12 |    23 |    60 ||    95
       Fulminant Prism   |       |       |    15 ||    15
       Iskenderun's Myst |       |       |     6 ||     6
Evoke: Wand              |       |       |     2 ||     2
  Use: Scroll            |       |       |    11 ||    11
Armor: Robe              |     1 |     3 |     4 ||     8
Dodge: Dodged            |     5 |    17 |    15 ||    37

Table legend: (Time is in decaauts)
 A = Elapsed time spent in this place.
 B = Non-inter-level travel time spent in this place.
 C = Inter-level travel time spent in this place.
 D = Time resting spent in this place.
 E = Time spent auto-exploring this place.
 F = Levels seen in this place.
 G = Mean time per level.
                   A        B        C        D        E       F      G
               +--------+--------+--------+--------+--------+-----+--------+
         Total |   9396 |   9033 |    363 |   4393 |   3428 |   8 | 1174.5 |
       Dungeon |   9302 |   8949 |    353 |   4393 |   3369 |   7 | 1328.9 |
        Temple |     93 |     83 |     10 |      0 |     59 |   1 |   93.0 |
               +--------+--------+--------+--------+--------+-----+--------+

Top non-repeatable levels by time:
     D:4: 1722 daAuts
     D:2: 1500 daAuts
     D:6: 1485 daAuts
     D:7: 1333 daAuts
     D:5: 1224 daAuts
     D:3: 1055 daAuts
     D:1: 980 daAuts
  Temple: 93 daAuts
